 Dungeon Crawl Stone Soup version 0.17.1-1-g73c8601 (webtiles) character file.

107 Joehai the Sneak (level 4, 0/45 HPs)
             Began as an Ogre Assassin on Feb 5, 2016.
             Slain by a giant frog skeleton (1 damage)
             ... on level 4 of the Dungeon.
             The game lasted 00:08:54 (2730 turns).

Joehai the Sneak (Ogre Assassin)                    Turns: 2730, Time: 00:08:54

Health: 0/45       AC:  4    Str: 16    XL:     4   Next: 85%
Magic:  4/4        EV:  9    Int: 10    God:
Gold:   121        SH:  0    Dex: 12    Spells: 0 memorised, 3 levels left

rFire  . . .     SeeInvis .     h - +0 mace
rCold  . . .     Clarity  .     c - +0 robe
rNeg   . . .     SustAt   .     (no shield)
rPois  .         Gourm    .     (helmet restricted)
rElec  .         Spirit   .     d - +0 cloak
rCorr  .         Warding  .     (gloves unavailable)
rMut   .         Stasis   .     (boots unavailable)
MR     .....                    (no amulet)
Stlth  ++........               (no ring)
                                (no ring)

@: not resistant to hostile enchantments, unstealthy
A: unfitting armour, tough skin 1
a: no special abilities


You were on level 4 of the Dungeon.
You were not hungry.

You visited 1 branch of the dungeon, and saw 4 of its levels.

You collected 121 gold pieces.

Inventory:

Hand Weapons
 a - a +2 dagger
 b - a +0 blowgun
 h - a +0 mace (weapon)
Missiles
 e - 29 poisoned needles
 f - 2 curare-tipped needles
Armour
 c - a +0 robe (worn)
 d - a +0 cloak (worn)
Scrolls
 k - 2 scrolls of fog {unknown}
 l - a scroll of enchant armour {unknown}
 n - a scroll of teleportation {unknown}
 o - 2 scrolls of identify {unknown}
 s - a scroll of recharging {unknown}
 t - a scroll of amnesia {unknown}
Potions
 j - 3 potions of might {unknown}
 m - a potion of magic {unknown}
 p - a potion of brilliance {unknown}
 r - 4 potions of flight {unknown}
Comestibles
 g - 3 bread rations
 i - 3 fruits
 q - a royal jelly
 u - a beef jerky
 v - a chunk of flesh


   Skills:
 + Level 3.0 Fighting
 - Level 1.2 Short Blades
 + Level 2.2 Maces & Flails
 + Level 2.0 Throwing
 - Level 0.8 Dodging
 + Level 4.8 Stealth


You had 3 spell levels left.
You didn't know any spells.

Dungeon Overview and Level Annotations

Branches:
Dungeon (4/15)
 Temple: D:4-7

Altars:


Innate Abilities, Weirdness & Mutations

You are too large for most types of armour.
You have tough skin (AC +1).


Message History

You hit the giant frog skeleton.
The giant frog skeleton barely misses you.
You hit the giant frog skeleton. The giant frog skeleton hits you.
The giant frog skeleton hits you.
* * * LOW HITPOINT WARNING * * *
You barely miss the giant frog skeleton.
The giant frog skeleton hits you.
* * * LOW HITPOINT WARNING * * *
The giant frog skeleton barely misses you.
You hit the giant frog skeleton. The giant frog skeleton hits you.
* * * LOW HITPOINT WARNING * * *
You barely miss the giant frog skeleton.
The giant frog skeleton hits you.
* * * LOW HITPOINT WARNING * * *
The giant frog skeleton hits you.
* * * LOW HITPOINT WARNING * * *
You hit the giant frog skeleton.
The giant frog skeleton hits you but does no damage.
The giant frog skeleton hits you.
You die...

#.#.#...## #.#
#.#......## #.#
........... #.#
#.#.#...# ##.##
#.#.#...# ...
#.......# #.#
###.#>.## .## #.#
........###.##.#Z# #
###.........##.#@###.#
##.......## #.......#
##.........####...####
<'.........+.........#
##.........####....#.#
##.......## ##.#...#
##.....## ####.##
##...## #.# ##+## #.#


You could see a giant frog skeleton.

Vanquished Creatures
  A gnoll (D:1)
  3 adders
  An ooze (D:2)
  5 worms
  2 giant geckos (D:1)
  2 bat zombies (D:1)
  A giant cockroach (D:3)
  11 goblins
  6 hobgoblins
  A quokka (D:3)
  5 bats
  5 giant newts
  3 kobolds
  4 rats
50 creatures vanquished.

Notes
Turn   | Place    | Note
--------------------------------------------------------------
     0 | D:1      | Joehai the Ogre Assassin began the quest for the Orb.
     0 | D:1      | Reached XP level 1. HP: 22/22 MP: 1/1
   245 | D:1      | Reached XP level 2. HP: 29/29 MP: 2/2
   602 | D:1      | Reached XP level 3. HP: 9/37 MP: 3/3
   840 | D:1      | Reached skill level 4 in Stealth
  1366 | D:2      | Reached skill level 1 in Maces & Flails
  1506 | D:2      | Reached XP level 4. HP: 45/45 MP: 4/4
  2729 | D:4      | HP: 2/45 [giant frog skeleton (5)]
  2730 | D:4      | Slain by a giant frog skeleton

Action                   |  1- 3 |  4- 6 || total
-------------------------+-------+-------++-------
Melee: Dagger            |    18 |       ||    18
       Mace              |    94 |    78 ||   172
 Fire: Blowgun           |     1 |    18 ||    19
 Stab: Sleeping          |     6 |     6 ||    12
  Eat: Chunk             |     2 |     3 ||     5
       Fruit             |       |     1 ||     1
